 Dungeon Crawl Stone Soup version 0.28.0-53-g5a82cb258f (webtiles) character file.

Game seed: 10851406866771654744

193 Dadi the Cudgeller (level 5, -11/32 HPs)
             Began as a Gargoyle Fighter on July 14, 2022.
             Was an Initiate of Okawaru.
             Killed from afar by Ijyb (20 damage)
             ... with a bolt of acid
             ... on level 4 of the Dungeon.
             The game lasted 00:03:08 (3649 turns).

Dadi the Cudgeller (Gargoyle Fighter)               Turns: 3649, Time: 00:03:08

Health: -11/32     AC: 10    Str: 21    XL:     5   Next: 72%
Magic:  5/5        EV:  9    Int:  9    God:    Okawaru [......]
Gold:   192        SH:  4    Dex:  9    Spells: 4/4 levels left

rFire   . . .      SeeInvis .   a - +0 flail
rCold   . . .      Faith    .   c - +0 buckler
rNeg    + + .      Spirit   .   b - +0 scale mail
rPois   ∞          Reflect  .   (no helmet)
rElec   +          Harm     .   (no cloak)
rCorr   .          Rampage  .   (no gloves)
Will    .....                   (no boots)
Stlth   ..........              (no amulet)
HPRegen 0.10/turn               k - ring of positive energy
MPRegen 0.09/turn               (no ring)

@: no status effects
A: sickness immunity, AC +4, negative energy resistance 1, electricity
resistance, torment resistance 1, petrification resistance
a: Renounce Religion


You were on level 4 of the Dungeon.
You worshipped Okawaru.
Okawaru was noncommittal.
You visited 1 branch of the dungeon, and saw 4 of its levels.

You collected 192 gold pieces.

Inventory:

Hand Weapons
 a - a +0 flail (weapon)
Armour
 b - a +0 scale mail (worn)
 c - a +0 buckler (worn)
Jewellery
 f - a ring of wizardry
 k - a ring of positive energy (left hand)
Scrolls
 g - 2 scrolls of identify {unknown}
 h - 2 scrolls of teleportation {unknown}
 i - a scroll of noise {unknown}
 m - a scroll of amnesia {unknown}
 o - a scroll of acquirement {unknown}
Potions
 d - a potion of might
 e - 3 potions of heal wounds {unknown}
 j - a potion of brilliance {unknown}
 l - 5 potions of curing {unknown}
 n - a potion of cancellation {unknown}
 p - a potion of resistance {unknown}


   Skills:
 - Level 3.2 Fighting
 + Level 5.8 Maces & Flails
 - Level 3.2 Armour
 - Level 3.2 Shields


You had 4 spell levels left.
You didn't know any spells.
Your spell library contained the following spells:

 Spells                   Type           Power      Damage    Failure   Level
 Portal Projectile        Hex/Tloc       0%         N/A       99%         3
 Leda's Liquefaction      Hex/Erth       0%         N/A       100%        4
 Call Canine Familiar     Summ           Unusable   N/A       N/A         3

Dungeon Overview and Level Annotations

Branches:
Dungeon (4/15)
 Temple: D:4-7

Altars:
Okawaru

Annotations:
D:4 Ijyb


Innate Abilities, Weirdness & Mutations

You are immune to sickness and miasma.
Your stone body is resilient. (AC +4)
You are immune to poison.
You resist negative energy. (rN+)
You are resistant to electric shocks. (rElec)
You are resistant to unholy torment.
You are immune to petrification.


Message History

You see here a hobgoblin corpse.
Ijyb screams, "I dance on your bones!" Ijyb barely misses you.
You completely miss Ijyb. Ijyb hits you but does no damage.
You hit Ijyb.
Ijyb is lightly wounded.
Ijyb hits you but does no damage. x2
You hit Ijyb.
Ijyb is moderately wounded.
Ijyb hits you but does no damage.
You closely miss Ijyb.
Ijyb is moderately wounded.
Ijyb zaps a wand.
The bolt of acid misses you.
You sock Ijyb!
Ijyb is almost dead.
Ijyb hits you with a +1 dagger of venom.
You closely miss Ijyb.
Ijyb is almost dead.
Ijyb zaps a wand.
The bolt of acid hits you!!
Ouch! That really hurt!
* * * LOW HITPOINT WARNING * * *
You are too injured to fight recklessly!
You are too injured to fight recklessly!
You are too injured to fight recklessly!
You are too injured to fight recklessly!
You are too injured to fight recklessly!
You are too injured to fight recklessly!
You are too injured to fight recklessly!
You are too injured to fight recklessly!
You are too injured to fight recklessly!
You are too injured to fight recklessly!
You are too injured to fight recklessly!
You barely miss Ijyb.
Ijyb is almost dead.
Ijyb hits you but does no damage.
You hit Ijyb but do no damage.
Ijyb is almost dead.
Ijyb barely misses you.
Ijyb zaps a wand.
The bolt of acid hits you!!
Ouch! That really hurt!
You die...

# #.# #.# #.#
#.# ##.##
##...## #.....#
##...##
..#####.#######
#......†.....(.
..#####@#######
#g# #.# #.# #.#
#.# #.# #.#


You could see Ijyb.

Vanquished Creatures
  A water moccasin skeleton (D:4)
  4 gnolls
  3 adders
  3 worms (D:3)
  2 dart slugs (D:3)
  An orc (D:2)
  3 endoplasms
  5 giant cockroaches
  8 goblins
  8 hobgoblins
  2 jackals (D:3)
  6 kobolds
  4 quokkas
  3 ball pythons
  3 bats
  6 frilled lizards
  7 rats
69 creatures vanquished.

Vanquished Creatures (others)
  A hobgoblin (D:4)
1 creature vanquished.

Grand Total: 70 creatures vanquished

Notes
Turn   | Place    | Note
-------+----------+-------------------------------------------
     0 | D:1      | Dadi the Gargoyle Fighter began the quest for the Orb.
     0 | D:1      | Reached XP level 1. HP: 14/14 MP: 1/1
   148 | D:1      | Reached XP level 2. HP: 15/19 MP: 2/2
   345 | D:1      | Reached skill level 3 in Maces & Flails
   981 | D:2      | Reached XP level 3. HP: 21/23 MP: 3/3
  1457 | D:2      | Found an iron altar of Okawaru.
  1599 | D:2      | Became a worshipper of Warmaster Okawaru
  1685 | D:2      | Reached skill level 4 in Maces & Flails
  1704 | D:2      | Found a faded altar of an unknown god.
  2053 | D:3      | Noticed an ice beast
  2062 | D:2      | Reached XP level 4. HP: 18/28 MP: 4/4
  2742 | D:3      | Reached skill level 5 in Maces & Flails
  2777 | D:3      | Reached XP level 5. HP: 31/32 MP: 5/5
  3637 | D:4      | Noticed Ijyb
  3649 | D:4      | Killed from afar by Ijyb

Illustrated notes

Levels and vault maps discovered:
D:1:      lemuel_arrival_hallway, layout_basic
D:2:      minmay_angry_zag, layout_basic, basic_altar,
          shapermc_ecumenical_altar_mp_highgroup, serial_park_tiny_1
D:3:      layout_loops_corners, grunt_ministairs_2
D:4:      layout_loops_corners, temple_fountains, uniq_ijyb

Skill      XL: |  1  2  3  4 |
---------------+-------------+-----
Maces & Flails | 3 4 5 |  5.8
Fighting       | |  3.2
Armour         | |  3.2
Shields        | |  3.2

Action                   |  1- 3 |  4- 6 || total
-------------------------+-------+-------++-------
Melee: Flail             |   127 |   148 ||   275
Armor: Scale mail        |    72 |    94 ||   166
Dodge: Dodged            |    52 |    83 ||   135
Block: Buckler           |    28 |    33 ||    61
